 Dungeon Crawl Stone Soup version 0.19-a0-1852-gc11d922 (webtiles) character file.

569 Psiweapon the Cleaver (level 7, -1/85 HPs)
             Began as a Hill Orc Fighter on Oct 11, 2016.
             Killed by nerve-wracking pain
             ... invoked by Grinder
              (10 damage)
             ... on level 4 of the Dungeon.
             The game lasted 00:11:58 (3943 turns).

Psiweapon the Cleaver (Hill Orc Fighter)            Turns: 3943, Time: 00:11:58

Health: -1/85      AC:  9    Str: 26    XL:     7   Next: 33%
Magic:  7/7        EV:  9    Int:  8    God:
Gold:   193        SH:  9    Dex: 10    Spells: 0 memorised, 6 levels left

rFire  + . .     SeeInvis .     a - +0 war axe
rCold  . . .     Gourm    .     d - +1 scale mail {rF+}
rNeg   . . .     Faith    .     c - +0 shield
rPois  .         Spirit   .     (no helmet)
rElec  .         Dismiss  .     (no cloak)
rCorr  .         Reflect  .     (no gloves)
MR     .....     Harm     .     u - +0 pair of boots
Stlth  ..........               (no amulet)
                                (no ring)
                                e - +2 ring of evasion

@: berserking, very quick
A: no striking features
a: no special abilities


You were on level 4 of the Dungeon.
You were not hungry.

You visited 1 branch of the dungeon, and saw 4 of its levels.

You collected 193 gold pieces.

Inventory:

Hand Weapons
 a - a +0 war axe (weapon)
 b - a +0 hunting sling
 j - a +0 shortbow
 x - a +2 mace of crushing
Missiles
 g - 73 bolts
 p - 7 sling bullets
Armour
 c - a +0 shield (worn)
 d - a +1 scale mail of fire resistance (worn)
 h - a +0 scale mail
 m - a +0 chain mail
 u - a +0 pair of boots (worn)
 v - a +1 leather armour of cold resistance
Jewellery
 e - a +2 ring of evasion (left hand)
Wands
 A - a wand of iceblast (0/15)
Scrolls
 l - 2 scrolls of enchant armour
 n - a scroll of noise
 o - a scroll of fear {unknown}
 w - a scroll of fog {unknown}
 y - a scroll of teleportation {unknown}
 z - 2 scrolls of remove curse
 B - a scroll of magic mapping {unknown}
 C - 2 scrolls of identify
 E - a scroll of immolation {unknown}
Potions
 q - a potion of brilliance
 r - a potion of lignification {unknown}
 t - 3 potions of curing
 D - a potion of heal wounds {unknown}
 G - a potion of haste {unknown}
Comestibles
 f - 6 bread rations
 i - 13 fruits
 k - a meat ration
 F - 20 chunks of flesh


   Skills:
 - Level 3.6 Fighting
 + Level 10.2 Axes
 - Level 3.2 Armour
 - Level 3.2 Shields


You had 6 spell levels left.
You didn't know any spells.

Dungeon Overview and Level Annotations

Branches:
Dungeon (4/15)
 Temple: D:4-7

Altars:
Ashenzari
Fedhas
Gozag
Nemelex Xobeh

Annotations:
D:4 Banto's ghost, amateur HESk; Grinder


Message History

Grinder is severely wounded.
Grinder gestures at you. You resist with significant effort.
Unknown command.
It was a potion of berserk rage.
A red film seems to cover your vision as you go berserk!
You feel yourself moving faster!
You feel mighty! You block Grinder's attack.
You barely miss Grinder.
Grinder is severely wounded.
Grinder hits you.
* * * LOW HITPOINT WARNING * * *
You writhe in agony.
* * * LOW HITPOINT WARNING * * *
You slash Grinder!
Grinder is almost dead.
Your shield prevents you from hitting Grinder.
Grinder is almost dead.
Grinder gestures at you. Pain shoots through your body!
You die...

######### #####
........# #...#
......(.# #...#
........## ###...#
.........########.....##
.....(...)..............
......5@.########.....##
...(....#########....)##
.....>...............)..
#####.........#####..)#.
#.................#.
#.........###.......
#.........# #.#...##
#.........# #.#...#
#.........# #.###.#


You could see Grinder.

Vanquished Creatures
  Edmund (D:4)
  Duvessa (D:3)
  Blork the orc (D:4)
  Dowan (D:3)
  A bullfrog skeleton (D:4)
  2 worker ants (D:4)
  A hound skeleton (D:4)
  Robin (D:4)
  4 adders
  An ooze (D:3)
  4 worms
  A dart slug (D:3)
  A leopard gecko (D:3)
  10 orcs
  3 ball pythons
  3 giant cockroaches
  12 goblins
  9 hobgoblins
  3 jackals
  5 kobolds
  3 bats
  5 frilled lizards
  2 quokka skeletons
  5 rats
80 creatures vanquished.

Notes
Turn   | Place    | Note
-------+----------+-------------------------------------------
     0 | D:1      | Psiweapon the Hill Orc Fighter began the quest for the Orb.
     0 | D:1      | Reached XP level 1. HP: 19/19 MP: 1/1
    11 | D:1      | Reached skill level 3 in Axes
    68 | D:1      | Reached XP level 2. HP: 26/26 MP: 2/2
   160 | D:2      | Reached skill level 4 in Axes
   611 | D:1      | Reached XP level 3. HP: 31/31 MP: 3/3
   820 | D:3      | Reached skill level 5 in Axes
   923 | D:3      | Reached XP level 4. HP: 31/39 MP: 4/4
   989 | D:4      | Found a sparkling altar of Nemelex Xobeh.
   994 | D:4      | Found a shattered altar of Ashenzari.
   999 | D:4      | Found an opulent altar of Gozag.
  1023 | D:4      | Noticed Banto's ghost (amateur HESk)
  1458 | D:3      | Reached skill level 6 in Axes
  1726 | D:2      | Found a blossoming altar of Fedhas.
  2169 | D:4      | Reached XP level 5. HP: 30/45 MP: 5/5
  2290 | D:4      | Noticed Dowan
  2290 | D:4      | Noticed Duvessa
  3038 | D:3      | Killed Duvessa
  3038 | D:3      | Reached skill level 8 in Axes
  3038 | D:3      | Reached XP level 6. HP: 10/51 MP: 6/6
  3038 | D:3      | Killed Dowan
  3302 | D:4      | Noticed Blork the orc
  3638 | D:4      | Killed Blork the orc
  3638 | D:4      | Reached skill level 9 in Axes
  3815 | D:4      | Noticed Robin
  3828 | D:4      | Killed Robin
  3872 | D:4      | Reached XP level 7. HP: 55/57 MP: 7/7
  3904 | D:4      | Noticed Edmund
  3904 | D:4      | Noticed Grinder
  3910 | D:4      | Paralysed by Grinder for 5 turns
  3923 | D:4      | Killed Edmund
  3923 | D:4      | Reached skill level 10 in Axes
  3932 | D:4      | Paralysed by Grinder for 4 turns
  3943 | D:4      | Killed from afar by Grinder

Vault maps used:
D:1:      dpeg_arrival_refuge
D:2:      serial_forest, infiniplex_forest_lined_3,
          infiniplex_forest_clump_tiny, infiniplex_forest_straight_3,
          infiniplex_forest_clump_curved, infiniplex_forest_zigzag_1,
          infiniplex_forest_clump_double, infiniplex_forest_lined_corner,
          fedhas_altar_fruit_tree
D:3:      first_bread, fountainhead
D:4:      nicolae_overflow_hidden_temple, hangedman_feature_mirror,
          uniq_blork_the_orc, uniq_edmund, uniq_grinder, uniq_robin,
          uniq_duvessa

Skill      XL: |  1  2  3  4  5  6  7 |
---------------+----------------------+-----
Axes           | 3 4 5 6 8 9 10 | 10.2
Fighting       | |  3.6
Armour         | |  3.2
Shields        | |  3.2

Action                   |  1- 3 |  4- 6 |  7- 9 || total
-------------------------+-------+-------+-------++-------
Melee: War axe           |    79 |   165 |    21 ||   265
 Fire: Hunting sling     |     5 |     3 |     2 ||    10
Evoke: Wand              |       |       |     2 ||     2
  Use: Scroll            |       |     3 |       ||     3
       Potion            |       |     3 |     1 ||     4
  Eat: Chunk             |       |    10 |       ||    10
Armor: Scale mail        |    31 |    28 |     5 ||    64
       Leather armour    |       |    21 |       ||    21
Dodge: Dodged            |    37 |    59 |     2 ||    98
Block: Shield            |    39 |    76 |     7 ||   122
